Construct Light Support Kompanie
Selects Armored Support Battlegroup
Selects Superior Fire Drills
Selects Flammpanzer III Medium Tank
Flammpanzer III Medium Tank
Construct Mechanized Kompanie
Flammpanzer III Medium Tank
Selects Vehicle Awareness
Construct Panzerarmee Kommand
Panzerjäger Mechanized Group
Walking Stuka Rocket Launcher
Flammpanzer III Medium Tank
Selects Stuka Anti-tank Loiter
Selects Command Panzer IV F Medium Tank